 Dungeon Crawl Stone Soup version 0.19-a0-1587-gaef70b6 (webtiles) character file.

119 dvd the Stinger (level 5, -1/31 HPs)
             Began as an Octopode Venom Mage on Sept 16, 2016.
             Slain by Natasha (6 damage)
             ... on level 2 of the Dungeon.
             The game lasted 00:04:31 (2432 turns).

dvd the Stinger (Octopode Venom Mage)               Turns: 2432, Time: 00:04:32

Health: -1/31      AC:  1    Str:  7    XL:     5   Next: 3%
Magic:  1/9        EV: 13    Int: 19    God:
Gold:   119        SH:  0    Dex: 12    Spells: 2 memorised, 4 levels left

rFire  . . .     SeeInvis .     a - +0 short sword
rCold  . . .     Gourm    .     (no shield)
rNeg   . . .     Faith    .     (helmet restricted)
rPois  .         Spirit   .     (no amulet)
rElec  .         Dismiss  .     (no ring)
rCorr  .         Reflect  .     (no ring)
MR     .....     Harm     .     (no ring)
Stlth  +++.......               (no ring)
                                (no ring)
                                (no ring)
                                (no ring)
                                (no ring)

@: very slightly contaminated
A: almost no armour, stealthy swim, amphibious, 8 rings, constrict 8, camouflage
1, gelatinous body 1
a: no special abilities


You were on level 2 of the Dungeon.
You were not hungry.

You visited 1 branch of the dungeon, and saw 2 of its levels.

You collected 119 gold pieces.

Inventory:

Hand Weapons
 a - a +0 short sword (weapon)
 k - a +0 mace
Armour
 q - a +0 shield
Scrolls
 d - 4 scrolls of identify {unknown}
 g - a scroll of blinking {unknown}
 l - a scroll of recharging {unknown}
 n - 2 scrolls of teleportation {unknown}
 p - a scroll of enchant armour {unknown}
 r - a scroll of amnesia {unknown}
Potions
 c - a potion of resistance {unknown}
 e - a potion of haste
 i - a potion of curing
 m - a potion of heal wounds {unknown}
 s - 2 potions of might {unknown}
Books
 h - a Young Poisoner's Handbook

   Spells                             Type                      Level
   a - Sting                          Conjuration/Poison           1
   b - Mephitic Cloud                 Conjuration/Poison/Air       3
   c - Olgreb's Toxic Radiance        Poison                       4
   d - Alistair's Intoxication        Transmutation/Poison         5
   e - Venom Bolt                     Conjuration/Poison           5
Comestibles
 b - 2 bread rations
 f - 4 fruits
 j - a beef jerky


   Skills:
 + Level 0.2 Fighting
 + Level 0.8 Short Blades
 + Level 2.1 Dodging
 + Level 3.3 Stealth
 + Level 2.7 Spellcasting
 + Level 1.4 Conjurations
 + Level 6.1 Poison Magic


You had 4 spell levels left.
You knew the following spells:

 Your Spells              Type           Power        Failure   Level  Hunger
a - Sting                 Conj/Pois      ###.         4%          1    None
b - Olgreb's Toxic Radia  Pois           ####....     14%         4    ####...


Dungeon Overview and Level Annotations

Branches:
Dungeon (2/15)

Altars:

Annotations:
D:2 Natasha


Innate Abilities, Weirdness & Mutations

You cannot wear most types of armour.
You are very stealthy in the water.
You are amphibious.
You can wear up to eight rings at the same time.
You can use your tentacles to constrict eight enemies at once.
Your skin changes colour to match your surroundings (Stealth+).
Your rubbery body absorbs attacks. (AC +1, EV +1)


Message History

Press: ? - help, Shift-Dir - straight line, f/p - Natasha
Aim: Natasha (moderately wounded, poisoned)
The sting hits Natasha.
Natasha appears unharmed.
Natasha is moderately wounded.
Natasha casts a spell at you. You resist with some effort.
You barely miss Natasha. Your grab misses Natasha.
Natasha is moderately wounded.
Natasha claws you.
* * * LOW HITPOINT WARNING * * *
Unknown command.
Casting: Sting
Confirm with . or Enter, or press ? or * to list all spells.
Aiming: Sting
Press: ? - help, Shift-Dir - straight line, f/p - Natasha
Aim: Natasha (moderately wounded, poisoned)
The sting hits Natasha.
Natasha is severely wounded.
Natasha claws you.
You die...

#.........# ###.### #.##
#.##.#.#### #.# #.# #......#
#.# #.# ####.### ##+## #.#
#.# ##...## #.# #.##
##.....## #.## #..##
##.......## #.#[
######...####.........###...
#........).@h..(......'.(...
#.####...####.........###...
#.####...# ##.......###....
#.##...#.# ##.....###.#.#.
#.##.###.# ##...###.##.##
#.##.###.# ##'## #.##...
#........# ####.####.#####
####.##### #.......##.###.
###.### #.##..#.###...#


You could see Natasha.

Vanquished Creatures
  Natasha (twice) (D:2)
  2 adders (D:2)
  2 oozes (D:2)
  2 dart slugs (D:1)
  3 bats
  4 giant cockroaches
  6 goblins
  5 hobgoblins
  4 kobolds
  A quokka (D:2)
  2 frilled lizards
  8 rats
41 creatures vanquished.

Notes
Turn   | Place    | Note
-------+----------+-------------------------------------------
     0 | D:1      | dvd the Octopode Venom Mage began the quest for the Orb.
     0 | D:1      | Reached XP level 1. HP: 11/11 MP: 3/3
   226 | D:1      | Reached skill level 5 in Poison Magic
   304 | D:1      | Reached XP level 2. HP: 6/17 MP: 0/5
  1249 | D:1      | Reached XP level 3. HP: 21/21 MP: 3/6
  2032 | D:2      | Noticed Natasha
  2041 | D:2      | Killed Natasha
  2041 | D:2      | Reached skill level 1 in Conjurations
  2041 | D:2      | Reached XP level 4. HP: 16/27 MP: 1/7
  2106 | D:2      | Learned a level 4 spell: Olgreb's Toxic Radiance
  2366 | D:2      | Noticed Natasha
  2374 | D:2      | Killed Natasha
  2374 | D:2      | Reached skill level 6 in Poison Magic
  2374 | D:2      | Reached XP level 5. HP: 21/31 MP: 3/9
  2421 | D:2      | Noticed Natasha
  2432 | D:2      | Slain by Natasha

Vault maps used:
D:1:      mrwooster_arrival_statue_3
D:2:      uniq_natasha

Skill      XL: |  1  2  3  4 |
---------------+-------------+-----
Poison Magic   | 5 6 |  6.1
Stealth        | 3 |  3.3
Conjurations   | 1 |  1.4
Fighting       | |  0.2
Short Blades   | |  0.8
Dodging        | |  2.1
Spellcasting   | |  2.7

Action                   |  1- 3 |  4- 6 || total
-------------------------+-------+-------++-------
Melee: Unarmed           |     1 |       ||     1
       Short sword       |    14 |    10 ||    24
       Constrict         |     4 |     2 ||     6
       Tentacles         |     3 |     2 ||     5
 Cast: Sting             |    59 |    16 ||    75
       Olgreb's Toxic Ra |       |     1 ||     1
  Use: Potion            |       |     1 ||     1
 Stab: Sleeping          |     5 |     1 ||     6
  Eat: Chunk             |     4 |     1 ||     5
Armor: Skin              |     2 |       ||     2
Dodge: Dodged            |     7 |     6 ||    13
